 Dungeon Crawl Stone Soup version 0.22-a0-419-g492bfec (webtiles) character file.

3421 4thArraOfDagon the Cleaver (level 10, -5/96 HPs)
             Began as a Gargoyle Berserker on May 15, 2018.
             Was a Believer of Trog.
             Slain by a komodo dragon (21 damage)
             ... on level 2 of the Lair of Beasts.
             The game lasted 00:06:21 (1140 turns).

4thArraOfDagon the Cleaver (Gargoyle Berserker)     Turns: 1140, Time: 00:06:22

Health: -5/96      AC: 21    Str: 29    XL:     10   Next: 5%
Magic:  10/10      EV: 15    Int:  8    God:    Trog [**....]
Gold:   194        SH:  0    Dex: 14    Spells: 9/9 levels left

rFire    . . .     SeeInvis +   u - +1 war axe (flame)
rCold    . . .     Gourm    .   (no shield)
rNeg     + . .     Faith    .   t - +0 plate armour
rPois    ∞         Spirit   .   (no helmet)
rElec    +         Reflect  .   (no cloak)
rCorr    .         Harm     .   (no gloves)
MR       ++...                  j - +0 pair of boots
Stlth    ..........             (no amulet)
HPRegen  1.26/turn              p - ring of see invisible
MPRegen  0.12/turn              r - ring of flight

@: agile, berserking, regenerating, very quick
A: negative energy resistance 1, electricity resistance, unbreathing,
petrification resistance, rot immunity, AC +7
a: Berserk, Trog's Hand, Renounce Religion, Evoke Flight


You were on level 2 of the Lair of Beasts.
You worshipped Trog.
Trog was pleased with you.
You were very hungry.

You visited 2 branches of the dungeon, and saw 11 of its levels.

You collected 194 gold pieces.

Inventory:

Hand Weapons
 i - a +0 war axe
 u - a +1 war axe of flaming (weapon)
Armour
 d - a +0 ring mail
 j - a +0 pair of boots (worn)
 t - a +0 plate armour (worn)
Jewellery
 p - a ring of see invisible (left hand)
 r - a ring of flight (right hand)
Wands
 q - a wand of flame (37)
Scrolls
 b - 3 scrolls of teleportation {unknown}
 e - a scroll of fear {unknown}
 g - a scroll of fog {unknown}
 h - 2 scrolls of identify
 l - a scroll of blinking {unknown}
 n - 2 scrolls of random uselessness {unknown}
 o - a scroll of holy word {unknown}
 s - a scroll of magic mapping {unknown}
Potions
 a - a potion of curing
 m - 2 potions of haste {unknown}
Comestibles
 c - 5 rations
 k - 8 chunks of flesh


   Skills:
 + Level 7.9 Fighting
 * Level 9.0 Axes
 + Level 7.5 Armour
 - Level 4.1 Dodging


You had 9 spell levels left.
You didn't know any spells.
Your spell library was empty.

Dungeon Overview and Level Annotations

Branches:
Dungeon (9/15)             Temple (0/1) D:6            Lair (2/6) D:8
  Swamp: Lair:2-4    Shoals: Lair:2-4     Snake: Lair:2-4    Spider: Lair:2-4
    Orc: D:9-12

Altars:
Fedhas
Qazlal
Beogh


Innate Abilities, Weirdness & Mutations

You are resistant to torment.
Your stone body is resilient. (AC +7)
You are immune to poison.
You resist negative energy. (rN+)
You are resistant to electric shocks. (rElec)
You can survive without breathing.
You are immune to petrification.
You are immune to rotting.


Message History

Unknown command.
Unknown command.
You closely miss the black mamba. You slash the komodo dragon!
You burn the komodo dragon.
Your plate armour prevents you from hitting the black mamba.
The black mamba completely misses you. The black mamba barely misses you.
The komodo dragon bites you!
* * * LOW HITPOINT WARNING * * *
Unknown command.
Unknown command.
Unknown command.
You closely miss the black mamba. You slash the black mamba!
You burn the black mamba.
You kill the black mamba!
Trog accepts your kill.
Your Axes skill increases to level 9!
You have reached level 10!
You closely miss the komodo dragon. The black mamba closely misses you.
The komodo dragon bites you!!
You die...

########
##@.....##
#FSl.÷...##
#...#####..##
#..##S ##..#
#.# F. ##.#
#.. #§[ #..#
#. #>P# #..#
## $§... #.##
....##..#


You could see a komodo dragon, 2 black mambas, a spiny frog and a blink frog.

Vanquished Creatures
  Pikel (D:6)
  A black mamba (Lair:2)
  A hornet (D:9)
  A hippogriff (D:7)
  A wyvern (Lair:2)
  3 yaks (D:9)
  A soldier ant (D:9)
  A porcupine (D:8)
  A water moccasin (Lair:2)
  3 orc warriors
  An ogre (D:4)
  A necrophage (D:6)
  A crocodile (D:8)
  4 bullfrogs
  A big kobold (D:7)
  A scorpion (D:8)
  4 killer bees (D:9)
  A crimson imp (D:7)
  A hound (D:5)
  A bullfrog skeleton (D:5)
  2 orc wizards (D:5)
  An iguana (D:9)
  A worker ant (D:5)
  A hound zombie (D:6)
  A shadow imp (D:9)
  An adder skeleton (D:5)
  2 dart slugs (D:1)
  4 leopard geckos
  10 orcs
  5 goblins (D:1)
  5 kobolds
  A quokka zombie (D:8)
  2 rats
  6 fungi
  2 plants (D:8)
74 creatures vanquished.

Vanquished Creatures (others)
  An adder (D:6)
  An orc (D:6)
2 creatures vanquished.

Grand Total: 76 creatures vanquished

Notes
Turn   | Place    | Note
-------+----------+-------------------------------------------
     0 | D:1      | 4thArraOfDagon the Gargoyle Berserker began the quest for the Orb.
     0 | D:1      | Reached XP level 1. HP: 14/14 MP: 1/1
    46 | D:1      | Found a roughly hewn altar of Beogh.
    46 | D:1      | Noticed an orc wizard
    46 | D:1      | Noticed an orc warrior
    47 | D:1      | Noticed an orc wizard
    47 | D:1      | Noticed an orc priest
    83 | D:1      | Reached XP level 2. HP: 19/19 MP: 2/2
    92 | D:1      | Reached skill level 3 in Axes
   204 | D:5      | Entered Level 5 of the Dungeon
   212 | D:5      | Reached XP level 3. HP: 18/24 MP: 3/3
   215 | D:5      | Reached XP level 4. HP: 22/29 MP: 4/4
   228 | D:5      | Found a blossoming altar of Fedhas.
   235 | D:5      | Noticed a phantom
   295 | D:4      | Noticed an ogre
   303 | D:4      | Killed an ogre
   303 | D:4      | Reached skill level 4 in Axes
   303 | D:4      | Reached XP level 5. HP: 22/33 MP: 5/5
   389 | D:5      | Reached XP level 6. HP: 32/38 MP: 6/6
   408 | D:6      | Noticed a necrophage
   416 | D:6      | Killed a necrophage
   416 | D:6      | Reached ** piety under Trog
   428 | D:6      | Found a staircase to the Ecumenical Temple.
   470 | D:7      | Noticed a hippogriff
   519 | D:7      | Killed a hippogriff
   519 | D:7      | Reached skill level 5 in Fighting
   519 | D:7      | Reached skill level 5 in Axes
   519 | D:7      | Reached XP level 7. HP: 44/44 MP: 7/7
   565 | D:6      | Noticed Pikel
   578 | D:6      | Killed Pikel
   578 | D:6      | Reached skill level 6 in Axes
   578 | D:6      | Reached skill level 5 in Armour
   578 | D:6      | Reached XP level 8. HP: 51/51 MP: 8/8
   636 | D:6      | Found a stormy altar of Qazlal.
   674 | D:8      | You fall through a shaft!
   674 | D:9      | Noticed a hornet
   687 | D:9      | Killed a hornet
   715 | D:9      | Noticed a yak
   715 | D:9      | Noticed a yak
   717 | D:9      | Noticed a yak
   740 | D:9      | Killed a yak
   740 | D:9      | Reached skill level 7 in Axes
   740 | D:9      | Reached XP level 9. HP: 56/56 MP: 9/9
   949 | D:9      | Reached skill level 8 in Axes
  1055 | D:8      | Found a staircase to the Lair.
  1086 | Lair:1   | Entered Level 1 of the Lair of Beasts
  1126 | Lair:2   | Noticed a komodo dragon
  1127 | Lair:2   | Noticed a black mamba
  1128 | Lair:2   | Noticed a black mamba
  1128 | Lair:2   | Noticed a black mamba
  1129 | Lair:2   | Noticed a spiny frog
  1140 | Lair:2   | Killed a black mamba
  1140 | Lair:2   | Reached skill level 9 in Axes
  1140 | Lair:2   | Reached XP level 10. HP: 15/64 MP: 10/10
  1140 | Lair:2   | Slain by a komodo dragon

Vault maps used:
D:1:      erik_arrival_cave_to_civilisation, nemelex_diamond_rough_becter
D:2:      serial_glass, glass_columns_b, glass_columns_a, feat_on_display,
          due_unseen_surprise, feat_on_display, minmay_strange_pillars
D:3:      first_ration
D:4:      uniq_ijyb
D:5:      fedhas_altar_3
D:6:      nicolae_overflow_hidden_temple, minitemple,
          nicolae_overflow_crystal_walls, temple_pool_b, basic_altar, uniq_pikel
D:7:      basic_altar
D:8:      grunt_lair_entry_orc_guard_hut, grunt_pizzeria
D:9:      serial_shops, shop_fountains
Lair:2:   spider_nest_entry_rubble, st_stairs_12, nzn_random_ring,
          lemuel_fruit_tree, infiniplex_staircase_pool_2

Skill      XL: |  1  2  3  4  5  6  7  8  9 |
---------------+----------------------------+-----
Axes           | 3 4 5 6 7 9 |  9.0
Dodging        | 2 3 4 |  4.1
Armour         | 3 4 5 7 |  7.5
Fighting       | 4 5 6 7 |  7.9

Action                   |  1- 3 |  4- 6 |  7- 9 | 10-12 || total
-------------------------+-------+-------+-------+-------++-------
Melee: Hand axe          |    52 |     2 |       |       ||    54
       War axe           |       |    49 |   116 |       ||   165
Invok: Berserk           |     2 |     3 |     8 |       ||    13
       Trog's Hand       |       |       |     5 |       ||     5
  Use: Scroll            |       |       |     2 |       ||     2
       Potion            |       |       |     1 |       ||     1
  Eat: Chunk             |       |     3 |    11 |       ||    14
Armor: Ring mail         |    20 |    36 |    27 |       ||    83
       Animal skin       |     1 |       |       |       ||     1
       Plate armour      |       |       |   116 |       ||   116
Dodge: Dodged            |    31 |    44 |    99 |     1 ||   175

Table legend:
 A = Spawn XP
 B = Non-spawn XP
 C = Spawn XP percentage of total XP
 D = Spawn monster count
 E = Non-spawn monster count
 F = Spawn count percentage of total count
 G = Total turns spent on level
                    A         B        C        D         E        F      G
               +---------+---------+-------+---------+---------+-------+---------
         Total |       0 |    4888 |   0.0 |       0 |      67 |   0.0 |  1140
               +---------+---------+-------+---------+---------+-------+---------
           D:1 |       0 |      27 |   0.0 |       0 |      11 |   0.0 |   139
           D:2 |       0 |       1 |   0.0 |       0 |       1 |   0.0 |    23
           D:3 |       0 |       4 |   0.0 |       0 |       2 |   0.0 |    18
           D:4 |       0 |     127 |   0.0 |       0 |       1 |   0.0 |    80
           D:5 |       0 |     205 |   0.0 |       0 |       8 |   0.0 |   143
           D:6 |       0 |     841 |   0.0 |       0 |       7 |   0.0 |   144
           D:7 |       0 |     469 |   0.0 |       0 |       7 |   0.0 |   122
           D:8 |       0 |     632 |   0.0 |       0 |       7 |   0.0 |   134
           D:9 |       0 |    1729 |   0.0 |       0 |      20 |   0.0 |   283
        Lair:2 |       0 |     853 |   0.0 |       0 |       3 |   0.0 |    43
               +---------+---------+-------+---------+---------+-------+---------
